[Event "Summer Chess Classic-B 2022"]
[Site "Saint Louis"]
[Date "2022.06.02"]
[Round "1.1"]
[White "Dragun, Kamil"]
[Black "Zhou, Jianchao"]
[Result "1-0"]
[ECO "B47"]
[WhiteElo "2571"]
[BlackElo "2589"]
[Annotator "TA"]
[PlyCount "51"]
[EventDate "2022.05.31"]
[EventType "tourn"]
[EventCountry "USA"]
[SourceTitle "playchess.com"]
[Source "ChessBase"]
[SourceQuality "1"]
[TimeControl "40/5400+30:1800+30"]

1. e4 c5 2. Nf3 e6 3. d4 cxd4 4. Nxd4 Nc6 5. Nc3 Qc7 6. g3 a6 7. Bg2 Nf6 8. O-O Bc5 9. Nb3 Ba7 10. Kh1 {[%emt 0:08:39] [#] B47: Sicilian: Taimanov: 5 Nc3 Qc7 6 f4, 6 g3 and 6 Be2.} h6 $146 ({Predecessor:} 10... d6 11. f4 h5 12. Qe2 Ng4 13. Nd1 Bd7 14. c3 Ne7 15. a4 b5 16. a5 Qc4 17. Qxc4 bxc4 {0-1 (84) Pridorozhni,A (2580)-Radzhabov,R (2344) Khanty-Mansiysk 2021}) 11. f4 (11. Bf4 $5 e5 12. Be3 $11) 11... d6 {[%emt 0:01:04] Against e5} 12. Qe2 {[%emt 0:00:57][%cal Oe4e5] The position is equal.} O-O 13. Bd2 b5 14. e5 dxe5 15. fxe5 Nh7 16. a4 bxa4 17. Rxa4 {[%emt 0:02:06] Strongly threatening Rc4.} Bb7 $1 18. Rc4 Rac8 ({Black should play} 18... Rad8 $1 $11) 19. Ne4 $1 $14 {[%emt 0:02:51][%cal Ob3a5,Bc3e4,Be4d6,Bd6c8][%mdl 32] aiming for Na5!} Qxe5 (19... Qd7 $142) 20. Bc3 $36 {[%emt 0:00:42][%mdl 2048] White is really pushing.} Qb8 21. Nbc5 {[%emt 0:05:04] 0x0.002a998f8eabdp-1022s more active pieces. The black rooks are badly placed.} Rc7 {[%emt 0:06:27] [#] Against Nd7. A mistake that costs the game.} (21... Bxc5 $16 22. Nxc5 Qc7) 22. Nxb7 $18 Qxb7 23. Nd6 Qb6 24. Rg4 ({Resist} 24. Qg4 f6 25. Qxe6+ Kh8 26. Bxc6 Rxc6 $18) (24. Qh5 $142) 24... g5 $2 (24... Ng5) 25. Rc4 Nd8 26. Nc8 {[%emt 0:01:37] Weighted Error Value: White=0.13 (very precise) /Black=0.33} ({Not} 26. Qe5 f6 27. Qa5 Qxa5 28. Bxa5 Rd7 $16) 1-0

[Event "Summer Chess Classic-B 2022"]
[Site "Saint Louis"]
[Date "2022.06.02"]
[Round "1.2"]
[White "Ali Marandi, Cemil Can"]
[Black "Yoo, Christopher Woojin"]
[Result "1/2-1/2"]
[ECO "E42"]
[WhiteElo "2532"]
[BlackElo "2535"]
[Annotator "TA"]
[PlyCount "80"]
[EventDate "2022.05.31"]
[EventType "tourn"]
[EventCountry "USA"]
[SourceTitle "playchess.com"]
[Source "ChessBase"]
[SourceQuality "1"]
[TimeControl "40/5400+30:1800+30"]

1. d4 Nf6 2. c4 e6 3. Nc3 Bb4 4. e3 c5 5. Nge2 d6 (5... d5 {feels hotter.} 6. cxd5 Nxd5 7. Bd2 cxd4 8. Nxd5 Bxd2+ 9. Qxd2 Qxd5 10. Qxd4 Qxd4 11. Nxd4 Bd7) 6. dxc5 {[%emt 0:00:11] E42: Nimzo-Indian: Rubinstein: 4...c5 5 Ne2.} dxc5 (6... Bxc5 {with more complications.} 7. Nf4 e5 8. Nfd5 Nxd5 9. Nxd5 a5) 7. Qxd8+ Kxd8 8. Bd2 {[%emt 0:00:11] White is slightly better.} Nc6 9. a3 Ba5 {[%emt 0:01:04] [#]} 10. Nc1 $146 ({Predecessor:} 10. Ng3 Ke7 11. Be2 Rd8 12. O-O-O Bd7 13. Kc2 Be8 14. Nce4 Nxe4 15. Nxe4 Bxd2 16. Rxd2 Rxd2+ 17. Kxd2 {½-½ (73) Cramling,P (2459)-Blomqvist,E (2535) Helsingborg 2021}) 10... Rg8 11. f3 b6 12. Nd3 e5 13. Rb1 {[%emt 0:09:41] [#] Strongly threatening b4.} Bxc3 14. Bxc3 Re8 15. Kf2 (15. b4 {keeps more tension.} e4 16. Nf4 exf3 17. Bxf6+ gxf6 18. Kf2) 15... a5 16. b3 Kc7 17. Rc1 Ba6 18. Nb2 Rad8 19. Be2 Bc8 20. Rhd1 Be6 21. Rxd8 Rxd8 22. Rd1 Rxd1 23. Bxd1 Ne8 24. Bc2 h6 25. Be4 f6 $1 26. Bxc6 Kxc6 $11 {[%emt 0:00:04][%mdl 4096] Endgame KBN-KBN} 27. a4 Nc7 28. Nd3 Kd6 29. e4 g5 30. g3 Ke7 31. Ke3 Bd7 32. g4 (32. f4 $11) 32... Ne6 $15 33. Bb2 Be8 34. Bc3 h5 35. h3 h4 36. Bb2 Bd7 37. Bc3 Bc6 38. Bb2 Be8 39. Bc3 Bc6 40. Bb2 $1 Bd7 {[%emt 0:00:06] Weighted Error Value: White=0.08 (flawless) /Black=0.05 (flawless)} ({Black should try} 40... Kd6 $15) 1/2-1/2

[Event "Summer Chess Classic-B 2022"]
[Site "Saint Louis"]
[Date "2022.06.02"]
[Round "1.3"]
[White "Vazquez, Guillermo"]
[Black "Antipov, Mikhail Al."]
[Result "1/2-1/2"]
[ECO "D00"]
[WhiteElo "2557"]
[BlackElo "2592"]
[Annotator "TA"]
[PlyCount "131"]
[EventDate "2022.05.31"]
[EventType "tourn"]
[EventCountry "USA"]
[SourceTitle "playchess.com"]
[Source "ChessBase"]
[SourceQuality "1"]
[TimeControl "40/5400+30:1800+30"]

1. d4 Nf6 2. Nf3 g6 3. Nc3 d5 4. Bf4 Bg7 5. e3 O-O 6. Nb5 {[%emt 0:00:16] D00: 1 d4 d5: Unusual lines.} Na6 7. h3 c6 8. Nc3 c5 9. Bxa6 bxa6 10. Be5 {[%emt 0:01:23] [#]} Ne4 $146 ({Predecessor:} 10... cxd4 11. exd4 Bf5 12. O-O Ne4 13. Ne2 Rc8 14. Nc1 Qb6 15. Nb3 Nd6 16. c3 Nc4 17. Bxg7 Kxg7 {½-½ (60) Rapport,J (2334)-Banzea,A (2278) Zalakaros 2017}) 11. Bxg7 Nxc3 12. Qd3 Kxg7 13. Qxc3 cxd4 14. Nxd4 {[%emt 0:08:02] [#] Threatening mate with Nf5+.} (14. Qxd4+ f6 $11) 14... f6 15. f4 Qb6 16. O-O Bf5 17. Qb3 Rad8 18. Rf2 Rd6 19. c4 Be4 20. cxd5 Bxd5 ({Don't do} 20... Rxd5 21. Qxb6 axb6 22. Ne6+ Kg8 23. Nxf8 Kxf8 24. b3 $16) 21. Qc3 Bb7 22. Rc1 Rc8 23. Qe1 Rxc1 24. Qxc1 Bd5 25. a3 e5 26. fxe5 fxe5 27. Nf3 ({But not} 27. Qc8 $2 Rd8 28. Nf5+ gxf5 $19) 27... Bxf3 28. Rxf3 $11 {[%emt 0:00:39][%mdl 4096] Endgame KQR-KQR} Rd7 29. Qc4 Qd6 30. b4 h5 31. Qe4 Qd5 32. Qh4 Qd6 {[%emt 0:01:19] Against Qf6+} 33. Qc4 Qd1+ 34. Kh2 {[%emt 0:00:58] [#] Hoping for Qe6.} Qd6 {[%emt 0:00:05] Against Qe6} 35. e4 Rc7 36. Qb3 Qc6 37. Qe3 Rd7 38. Qg5 Qxe4 {[%emt 0:01:08] The position is equal.} 39. Qf6+ Kh7 40. Qxa6 Qd5 41. Rf6 (41. Rf8 {seems wilder.} Rf7 42. Rc8 Kh6 43. Qe2) 41... e4 {[%emt 0:14:31] White must now prevent ...Qe5+.} 42. Qe6 {[%emt 0:00:00] Inhibits Qe5+.} Qxe6 43. Rxe6 {[%emt 0:00:00] KR-KR} a5 44. Rxe4 ({Don't take} 44. bxa5 Rd4 $16) 44... Rd3 45. bxa5 (45. a4 $5 ) 45... Rxa3 46. Re5 {[%emt 0:00:00] And now h4 would win.} h4 47. Kg1 Ra2 48. Re7+ Kh6 49. Ra7 Kg5 50. a6 Kh6 51. Ra8 Kg7 52. a7 Kh7 53. Kf1 Kg7 54. Ke1 Kh7 55. Kd1 Kg7 56. Kc1 Kh7 57. Kb1 Ra6 58. Kb2 Kg7 59. Kc3 Ra4 60. Kb3 Ra1 61. Kc4 Ra4+ 62. Kd5 Ra1 63. Ke4 Ra4+ 64. Ke5 Ra1 65. Kf4 Ra2 66. Kf3 {[%emt 0:00:00] Weighted Error Value: White=0.06 (flawless) /Black=0.05 (flawless)} 1/2-1/2

[Event "Summer Chess Classic-B 2022"]
[Site "Saint Louis"]
[Date "2022.06.02"]
[Round "1.4"]
[White "Checa, Nicolas"]
[Black "Jacobson, Brandon"]
[Result "0-1"]
[ECO "E95"]
[WhiteElo "2533"]
[BlackElo "2526"]
[Annotator "TA"]
[PlyCount "78"]
[EventDate "2022.05.31"]
[EventType "tourn"]
[EventCountry "USA"]
[SourceTitle "playchess.com"]
[Source "ChessBase"]
[SourceQuality "1"]
[TimeControl "40/5400+30:1800+30"]

1. d4 Nf6 2. c4 g6 3. Nc3 Bg7 4. e4 d6 5. Nf3 O-O 6. Be2 e5 7. O-O h6 8. Re1 Nbd7 9. Bf1 Re8 {[%emt 0:00:06] E95: King's Indian: Classical: 7...Nbd7 8 Re1.} 10. Rb1 exd4 11. Nxd4 c6 {[%emt 0:00:03] [#] White is slightly better.} 12. Bf4 $146 ({Predecessor:} 12. f3 a6 13. Be3 Ne5 14. Qd2 Kh7 15. Rbd1 b5 16. cxb5 cxb5 17. Nc2 Bf8 18. Nb4 {0-1 (34) Ghaffarifar,M (2131)-Ghaem Maghami,E (2596) Hamedan 2015}) 12... Ne5 13. f3 a6 14. Qd2 g5 15. Be3 b5 16. b3 Nh5 17. Nf5 b4 18. Na4 (18. Nxg7 bxc3 19. Qxc3 Nxg7 $17) 18... Bxf5 19. exf5 g4 20. f4 (20. Qxb4 gxf3 21. c5 fxg2 $17) 20... g3 $1 21. h3 (21. Qxb4 $2 gxh2+ 22. Kf2 Ng4+ 23. Ke2 h1=Q $19) 21... Ng4 22. Bb6 (22. hxg4 $2 Qh4 23. Be2 Qh2+ 24. Kf1 Nxf4 $1 $19 ) 22... Qh4 {[%emt 0:01:09][%cal Oc6c5] ...c5! is the strong threat.} 23. Qxd6 Red8 $1 {[%emt 0:19:16] Chess con chili.} 24. Qxc6 {[%emt 0:02:00] Hoping for Be2.} (24. Bxd8 Rxd8 25. Qd3 (25. Qe7 Bd4+) 25... Rxd3 26. Re8+ Kh7 27. Bxd3 Bd4+ 28. Kf1 Ne5 $1 $19 ) 24... Nxf4 25. Rbd1 $1 $16 Rdc8 26. Qd6 (26. Bc7 $16 Nf2 27. Qf3 Nxd1 28. Rxd1) 26... Nf2 $15 27. c5 $2 {[%emt 0:06:20][%mdl 8192] [#] White does not recover from this.} Re8 $1 $19 28. Rxe8+ Rxe8 29. Qd7 Re7 30. Qd8+ Kh7 31. c6 N2xh3+ {[%emt 0:01:21] Black mates.} (31... Nxd1 32. Qxd1 (32. c7 {gets mated.} Re1) 32... Qf6 33. c7 Qxf5 34. Qc1 Ne2+ 35. Bxe2 Rxe2 36. Qf1 (36. c8=R $2 Qxc8 37. Qd1 Rxa2 $19) 36... Qxf1+ 37. Kxf1 $17) 32. gxh3 g2 33. Bxg2 Re1+ 34. Kh2 {[%emt 0:00:32] [#]} Be5 $1 35. Bd4 (35. Qg8+ Kxg8) 35... Qxd8 36. Bxe5 Rxd1 37. Bxf4 Qd4 38. Kg3 Rd3+ 39. Kg4 Qg7+ {[%emt 0:00:04] Weighted Error Value: White=0.69/Black=0.07 (flawless)} 0-1

[Event "Summer Chess Classic-B 2022"]
[Site "Saint Louis"]
[Date "2022.06.02"]
[Round "1.5"]
[White "Burke, John M"]
[Black "Harutyunyan, Tigran K."]
[Result "1/2-1/2"]
[ECO "C65"]
[WhiteElo "2579"]
[BlackElo "2550"]
[Annotator "TA"]
[PlyCount "95"]
[EventDate "2022.05.31"]
[EventType "tourn"]
[EventCountry "USA"]
[SourceTitle "playchess.com"]
[Source "ChessBase"]
[SourceQuality "1"]
[TimeControl "40/5400+30:1800+30"]

1. e4 e5 2. Nf3 Nc6 3. Bb5 Nf6 4. d3 Bc5 5. Nbd2 Nd4 6. Nxd4 {[%emt 0:01:29] C65: Ruy Lopez: Berlin Defence (3...Nf6), unusual lines and 4 0-0 Bc5.} Bxd4 7. c3 Bb6 8. d4 c6 9. dxe5 {[%emt 0:02:21] [#] aiming for Be2.} cxb5 10. exf6 Qxf6 11. O-O O-O 12. Nf3 d6 {[%emt 0:01:36] Against e5} 13. Re1 Bg4 14. Be3 b4 15. Bxb6 axb6 16. cxb4 Qxb2 {[%emt 0:07:47] [#]} 17. Qxd6 $146 ({Predecessor:} 17. Qd4 Rxa2 18. Rxa2 Qxa2 19. Nh4 Qe6 20. h3 Qe7 21. hxg4 Qxh4 22. Qd5 Qe7 23. Rd1 {½-½ (30) Van Foreest,J (2714)-Giri,A (2773) Oslo 2022}) 17... Bxf3 18. gxf3 b5 19. Red1 Rxa2 (19... Ra3 $11 {remains equal.}) 20. Rxa2 $16 Qxa2 $11 {[%emt 0:00:04][%mdl 4096] Endgame KQR-KQR} 21. Kg2 h6 22. Qc5 {[%emt 0:07:39] White is more active.} Ra8 23. h4 (23. Qxb5 Ra6 $14) 23... Qe6 24. h5 {[%emt 0:06:30] Against Qg6+} ({Much less strong is} 24. Qxb5 Qg6+ 25. Kf1 Ra3 $11) 24... Qf6 25. Rd6 Qh4 26. Qd5 {[%emt 0:05:00] Inhibits Ra2.} ({But not} 26. Qxb5 $6 Ra1 27. Qe8+ Kh7 28. Rxh6+ (28. Qxf7 $2 Qh1+ 29. Kg3 Rg1+ 30. Kf4 Qh2+ 31. Ke3 Re1+ 32. Kd2 Qxf2+ 33. Kd3 Rd1+ 34. Kc3 Qe1+ 35. Kb3 Qe3+ 36. Ka4 Qa7+ 37. Kb3 Rxd6 $19) 28... gxh6 $11) 26... Qf4 (26... Ra1 $2 27. Rd8+ Qxd8 28. Qxd8+ $18) 27. Rb6 (27. Rd8+ $16 Rxd8 28. Qxd8+ Kh7 29. Qd5) 27... Ra3 28. Qf5 Qxf5 29. exf5 {[%emt 0:00:04] KR-KR} Rd3 30. Rxb5 Rd7 31. Kg3 ({White should try} 31. f4 $14) 31... f6 $1 {[%emt 0:00:32] The position is equal.} 32. Kf4 Re7 33. Rc5 Kf7 34. Rc8 Re5 $1 35. Rc7+ Re7 36. Rc5 Ke8 $1 37. Rc4 Kd8 38. Re4 Rd7 39. Ke3 {[%emt 0:00:39] [#] Threatens to win with Rd4.} Kc7 40. Re6 Kd8 41. Re4 {[%emt 0:11:20] Black must now prevent Rd4.} Kc7 42. Rd4 Rxd4 43. Kxd4 {[%emt 0:00:04] KP-KP} Kc6 44. Kc4 {[%emt 0:00:40] b5+ would kill now.} b5+ $1 45. Kd4 Kd6 46. Ke4 Kc6 47. Kd4 Kd6 48. Ke4 {[%emt 0:00:21] Weighted Error Value: White=0.06 (flawless) /Black=0.05 (flawless)} 1/2-1/2

[Event "Summer Chess Classic-B 2022"]
[Site "Saint Louis"]
[Date "2022.06.03"]
[Round "2.1"]
[White "Harutyunyan, Tigran K."]
[Black "Zhou, Jianchao"]
[Result "0-1"]
[ECO "B51"]
[WhiteElo "2550"]
[BlackElo "2589"]
[Annotator "TA"]
[PlyCount "120"]
[EventDate "2022.05.31"]
[EventType "tourn"]
[EventCountry "USA"]
[SourceTitle "playchess.com"]
[Source "ChessBase"]
[SourceQuality "1"]
[TimeControl "40/5400+30:1800+30"]

1. e4 c5 2. Nf3 d6 3. Bb5+ Nd7 4. a4 Ngf6 5. Nc3 e6 6. a5 {[%emt 0:02:42] B51: Sicilian: Moscow Variation (3 Bb5+) without 3...Bd7.} Be7 7. O-O O-O 8. Re1 {[%emt 0:00:28][%cal Bf1e1,Be1e3,Be3g3,Bg3g4][%mdl 32] The position is equal.} Ne5 {[%emt 0:05:03] [#]} 9. Nxe5 $146 (9. a6 {is more complex.} Nfd7 10. axb7 Nxf3+ 11. Qxf3 Bxb7 12. d3) ({Predecessor:} 9. a6 Qb6 10. Nxe5 dxe5 11. Qe2 Ne8 12. Na4 Qc7 13. axb7 Bxb7 14. Ba6 Bc6 15. b3 {1-0 (41) Antal,G (2553)-Peyrer,K (2165) Deutschlandsberg 2018}) 9... dxe5 10. b3 Ne8 11. Re3 Nd6 12. Bf1 (12. Bb2 $14) 12... Bd7 $11 13. Qh5 Bg5 14. Rg3 h6 (14... f6 $11) 15. d3 (15. h4 $14 g6 16. Rxg5 hxg5 17. Qh6) 15... Bf4 $15 16. Rg4 Bxc1 17. Rxc1 ({Much worse is} 17. Qxe5 Bg5 $1 18. Qxd6 Rc8 19. Rxg5 hxg5 $17) 17... f5 18. Rg3 Kh8 (18... Rf6 $1 $15 19. Ra1 b5) 19. exf5 (19. Qg6 $5 Qe7 20. exf5 $11) 19... exf5 (19... Nxf5 $5 20. Rh3 Qxa5 $15) 20. Qg6 Qf6 21. Qxf6 Rxf6 22. Nd5 Rff8 23. Re3 Rae8 24. Rce1 Bc6 25. c4 Bxd5 26. cxd5 e4 27. dxe4 Rxe4 28. Rxe4 fxe4 $11 {[%emt 0:00:17][%mdl 4096] Endgame KRB-KRN} 29. Rc1 Rc8 30. g3 g5 31. Bh3 Rc7 32. Be6 (32. f3 $11) 32... Kg7 33. f3 exf3 34. Kf2 Kf6 35. Kxf3 c4 36. b4 (36. bxc4 $11 {keeps the balance.} Rxc4 37. Re1) 36... c3 (36... Ke5 $142 $1 37. Ke2 Kd4) 37. Ke3 $17 Rc4 $1 38. Kd3 Rxb4 39. Rf1+ Ke5 {[%emt 0:00:06] Threatens to win with ...Nb5.} 40. Kxc3 Ra4 41. Re1+ Re4 (41... Ne4+ $1 $17 42. Kb3 Rxa5) 42. Ra1 (42. Rxe4+ $15 Nxe4+ 43. Kb4) 42... Re2 (42... Re3+ $17 43. Kb4 Re2) 43. Kd3 $1 $11 Re4 44. Bg8 (44. Kc3 $1 $11) 44... Rd4+ $15 45. Kc2 Ne4 46. Re1 b5 47. axb6 $1 axb6 48. Rb1 Rc4+ 49. Kd3 Rc3+ 50. Ke2 Rc8 {[%emt 0:01:49] And now ...Nc3+ would win. Black is more active.} 51. Be6 (51. Rxb6 $15 Rxg8 52. Rxh6) 51... Rc2+ $19 52. Ke3 Rc3+ $1 53. Ke2 {[%emt 0:00:06] [#] Now White is beyond hope.} Rxg3 $1 54. Rb4 {[%emt 0:05:12] [#]} Ra3 $1 55. h3 (55. Rxb6 {is a better defense.} Ra2+ 56. Kf3) 55... Nc3+ 56. Kf2 $2 (56. Kd2) 56... Nxd5 57. Bxd5 Kxd5 58. Rxb6 Rxh3 59. Rb4 $2 (59. Kg2 g4 60. Rf6) 59... Ke5 {[%emt 0:00:28] Hoping for ...Kf5.} 60. Kg2 Rd3 {[%emt 0:00:08] Weighted Error Value: White=0.46/Black=0.10 (very precise)} (60... Re3 $142 61. Kf2 Re4) 0-1

[Event "Summer Chess Classic-B 2022"]
[Site "Saint Louis"]
[Date "2022.06.03"]
[Round "2.2"]
[White "Jacobson, Brandon"]
[Black "Dragun, Kamil"]
[Result "1/2-1/2"]
[ECO "E50"]
[WhiteElo "2526"]
[BlackElo "2571"]
[Annotator "TA"]
[PlyCount "86"]
[EventDate "2022.05.31"]
[EventType "tourn"]
[EventCountry "USA"]
[SourceTitle "playchess.com"]
[Source "ChessBase"]
[SourceQuality "1"]
[TimeControl "40/5400+30:1800+30"]

1. d4 Nf6 2. c4 e6 3. Nc3 Bb4 4. e3 O-O 5. Nf3 c5 6. Bd3 {[%emt 0:00:20] E50: Nimzo-Indian: Rubinstein: 4...0-0 5 Nf3.} Nc6 7. dxc5 Bxc5 8. a3 {[%emt 0:11:12] The position is equal.} d5 9. cxd5 exd5 10. h3 a6 {[%emt 0:14:17] [#]} 11. b4 $146 ({Predecessor:} 11. O-O d4 12. exd4 Nxd4 13. Nxd4 Bxd4 14. Ne2 Be5 15. Re1 Re8 16. Kf1 Bd7 17. Ng1 {0-1 (47) Seegolam,P-Ramirez,P (2205) Novi Sad 1990}) 11... Ba7 12. Bb2 d4 13. exd4 Nxd4 14. O-O Be6 {[%emt 0:08:53] [#] And now ...Bb3 would win.} 15. Ne4 Bb3 ({Black should play} 15... Kh8 $14 16. Nxf6 Qxf6 17. Nxd4 Bxd4 18. Bxd4 Qxd4) 16. Nxf6+ $16 Qxf6 17. Bxd4 (17. Qxb3 {is interesting.} Nxb3 18. Bxf6 gxf6 19. Rad1) 17... Bxd1 18. Bxf6 Bxf3 19. gxf3 gxf6 20. Be4 Rab8 21. Rfd1 Rfd8 {[%emt 0:04:01] Against Rd7} 22. Rxd8+ Rxd8 23. Bxb7 $11 {[%emt 0:00:07][%mdl 4096] Endgame KRB-KRB} Rd2 24. Bxa6 Rxf2 {[%emt 0:04:04] Threatens to win with ...Ra2+.} 25. Kh1 Rxf3 26. Bf1 Rb3 27. b5 Bd4 28. Ra2 Rb2 (28... f5 $11 {keeps the balance.}) 29. Rxb2 $16 Bxb2 {[%emt 0:00:05] [#] KB-KB} 30. a4 $1 Kf8 31. Bd3 h6 32. Kg2 Ke7 33. Kf3 f5 (33... Kd6 $142) 34. Kg3 (34. a5 $142) 34... Bc3 35. Kh4 Kf6 (35... Kd6 $16) 36. b6 Kg6 {[%emt 0:00:31][%cal Rc3e1] White is better.} 37. Kg3 {[%emt 0:03:48] Kf4 is the strong threat.} Ba5 38. b7 Bc7+ 39. Kf3 {[%emt 0:00:29] aiming for Ke3.} Kf6 40. a5 Ke5 41. a6 {[%emt 0:30:05] White threatens a7 and mate.} Bb8 42. Bc4 Kd4 43. Bxf7 Ke5 {[%emt 0:00:09] Prevents Be6.  Weighted Error Value: White=0.09 (flawless) /Black=0.15 (very precise)} (43... Kc5 $16) 1/2-1/2

[Event "Summer Chess Classic-B 2022"]
[Site "Saint Louis"]
[Date "2022.06.03"]
[Round "2.3"]
[White "Antipov, Mikhail Al."]
[Black "Checa, Nicolas"]
[Result "1/2-1/2"]
[ECO "D36"]
[WhiteElo "2592"]
[BlackElo "2533"]
[Annotator "TA"]
[PlyCount "81"]
[EventDate "2022.05.31"]
[EventType "tourn"]
[EventCountry "USA"]
[SourceTitle "playchess.com"]
[Source "ChessBase"]
[SourceQuality "1"]
[TimeControl "40/5400+30:1800+30"]

1. d4 d5 2. c4 e6 3. Nc3 Nf6 4. cxd5 exd5 5. Bg5 c6 6. e3 Be7 7. Bd3 h6 8. Bh4 Nbd7 9. Nge2 O-O 10. Qc2 Re8 11. f3 b5 $1 {[%emt 0:03:53][%mdl 4] is recently more successful than 11...c5. D36: Queen's Gambit Declined: Exchange Variation: Main line (5 Bg5 c6 6 Qc2).} 12. O-O Bb7 13. Bf2 {[%emt 0:24:34] [#]} Rc8 $146 ({Predecessor:} 13... a6 14. Bf5 c5 15. dxc5 Bxc5 16. Nd4 Bd6 17. Nce2 Ne5 18. b3 g6 19. Bh3 Bc8 20. Bxc8 Rxc8 {½-½ (60) Wojtaszek,R (2691)-Lupulescu,C (2645) Legnica 2021}) 14. Qd2 a6 15. Ng3 c5 16. dxc5 Bxc5 17. Bf5 Qb6 18. Bxd7 Nxd7 19. Nxd5 (19. e4 $11) 19... Bxd5 $15 20. Qxd5 Nf6 21. Qd2 Rcd8 {[%emt 0:08:06][%mdl 64] [#] Deflection} (21... Rxe3 $2 22. b4 Bd4 23. Nf5 Bxa1 24. Rxa1 $18 (24. Bxe3 Qe6 $16)) 22. Qc2 Bxe3 23. Bxe3 Qxe3+ 24. Qf2 Rd2 (24... Qg5 $5 ) 25. Qxe3 {[%emt 0:00:05] The position is equal.} Rxe3 26. Rf2 Red3 {[%emt 0:00:06] ...Rxf2 is the strong threat.} 27. Nf1 Rd1 28. Rxd1 Rxd1 29. Rd2 Rxd2 30. Nxd2 $11 {[%emt 0:00:01][%mdl 4096] Endgame KN-KN} Kf8 31. Kf2 Nd5 32. a3 Ke7 33. g3 Kd6 34. Ke2 f5 35. Kd3 Ne7 36. f4 Nc6 37. Nf1 g6 38. Ne3 a5 39. Ng2 Kd5 40. Nh4 Ne7 41. Nf3 {[%emt 0:30:26] Weighted Error Value: White=0.06 (flawless) /Black=0.04 (flawless)} 1/2-1/2

[Event "Summer Chess Classic-B 2022"]
[Site "Saint Louis"]
[Date "2022.06.03"]
[Round "2.4"]
[White "Yoo, Christopher Woojin"]
[Black "Vazquez, Guillermo"]
[Result "1/2-1/2"]
[ECO "B19"]
[WhiteElo "2535"]
[BlackElo "2557"]
[Annotator "TA"]
[PlyCount "157"]
[EventDate "2022.05.31"]
[EventType "tourn"]
[EventCountry "USA"]
[SourceTitle "playchess.com"]
[Source "ChessBase"]
[SourceQuality "1"]
[TimeControl "40/5400+30:1800+30"]

1. e4 c6 2. d4 d5 3. Nc3 dxe4 4. Nxe4 Bf5 5. Ng3 Bg6 6. h4 h6 7. Nf3 e6 8. h5 Bh7 9. Bd3 Bxd3 10. Qxd3 Nf6 11. Bf4 Qa5+ 12. Bd2 Bb4 13. c3 Bd6 14. c4 Bb4 15. O-O Bxd2 16. Nxd2 O-O 17. c5 ({White should try} 17. Qc3 $11 Qg5 18. Nf3) 17... Rd8 $15 18. Nde4 Nxe4 19. Nxe4 Rd5 $1 20. Qf3 Nd7 21. Rfd1 Qc7 22. Rd3 ({Reject} 22. Nd6 Nf6 $15) 22... Rf5 (22... b6 $15) 23. Qg4 $1 $11 Nf6 24. Nxf6+ Rxf6 25. Rg3 g5 26. hxg6 Rxg6 27. Qh4 Rxg3 28. fxg3 Qd8 29. Qf4 Rc8 30. Re1 Qg5 31. Qxg5+ hxg5 32. Re5 Rd8 33. Rxg5+ Kf8 34. Rg4 b6 35. cxb6 axb6 36. Kf2 b5 37. Re4 Ke7 38. g4 Ra8 39. a3 Ra4 40. g5 b4 41. d5 cxd5 42. Rd4 e5 43. Rxd5 bxa3 44. bxa3 ({Don't blunder} 44. Rxe5+ $2 Kd6 45. Re1 a2 $19) 44... Rxa3 45. Rxe5+ Kf8 46. g3 Kg7 47. Kg2 Kg6 48. Kh3 Rb3 49. Kh4 Rb4+ 50. g4 Rb1 51. Ra5 Rh1+ 52. Kg3 Rg1+ 53. Kf3 Rf1+ 54. Kg2 $1 Rb1 55. Rf5 Ra1 56. Kg3 Rg1+ 57. Kh3 Rh1+ 58. Kg2 Ra1 59. Rb5 Rc1 60. Kg3 $1 Rg1+ 61. Kh3 Rh1+ 62. Kg2 $1 Ra1 63. Rc5 Rb1 64. Rd5 Ra1 65. Re5 Rb1 66. Rf5 Ra1 67. Re5 Rb1 68. Rd5 Ra1 69. Rc5 Rb1 70. Ra5 Rc1 71. Kf2 Rb1 72. Rc5 Ra1 73. Re5 Rb1 74. Kf3 Rf1+ 75. Kg2 Ra1 76. Rf5 Rb1 77. Kg3 Rg1+ 78. Kh3 Rh1+ 79. Kg2 1/2-1/2

[Event "Summer Chess Classic-B 2022"]
[Site "Saint Louis"]
[Date "2022.06.03"]
[Round "2.5"]
[White "Burke, John M"]
[Black "Ali Marandi, Cemil Can"]
[Result "1/2-1/2"]
[ECO "C41"]
[WhiteElo "2579"]
[BlackElo "2532"]
[Annotator "TA"]
[PlyCount "85"]
[EventDate "2022.05.31"]
[EventType "tourn"]
[EventCountry "USA"]
[SourceTitle "playchess.com"]
[Source "ChessBase"]
[SourceQuality "1"]
[TimeControl "40/5400+30:1800+30"]

1. e4 d6 2. d4 Nf6 3. Nc3 e5 4. Nf3 Nbd7 5. Bc4 Be7 6. a4 O-O 7. O-O c6 8. h3 h6 9. Re1 $1 {[%emt 0:03:46] 9.Re1 is better than 9.Be3.} Re8 10. Be3 {[%emt 0:06:09] C41: Philidor Defence.} exd4 11. Bxd4 Nf8 12. Qd3 {[%emt 0:03:18] White has an edge.} Be6 13. a5 Qc7 14. Be3 {[%emt 0:07:54] [#]} Bxc4 $146 ({Predecessor:} 14... N6d7 15. Ne2 Ne5 16. Nxe5 dxe5 17. Qc3 Bxc4 18. Qxc4 Ne6 19. Red1 b5 20. axb6 axb6 {1-0 (58) Van Foreest,L (2532)-Berkes,F (2676) Terme Catez 2021}) 15. Qxc4 Ne6 16. Nh4 Bf8 17. Nf5 b5 18. axb6 $1 axb6 19. Nd4 Rxa1 20. Rxa1 Nc5 21. b4 b5 22. Ndxb5 cxb5 23. Nxb5 Qb8 24. bxc5 Rxe4 25. Qd3 dxc5 {[%emt 0:00:19] [#] Threatens to win with ...c4.} 26. c4 Re8 27. g3 Qe5 28. Ra7 Re7 {[%emt 0:02:20] And now ...Rxa7 would win.} 29. Rxe7 (29. Ra8 {looks sharper.} Rd7 30. Qb1 Re7 31. g4) 29... Qxe7 30. Nc3 Qe6 31. Kg2 Bd6 32. Nd5 (32. g4 {is more complex.} Qe5 33. Kf3 Qh2 34. Ke2) 32... Nd7 33. f4 f5 34. Bd2 Bf8 35. Bc3 g6 36. Kf2 Qf7 37. Qe2 Kh7 38. h4 h5 {[%emt 0:05:22] The position is equal.} 39. Kg2 Bg7 40. Bxg7 Qxg7 41. Qe6 {[%emt 0:08:03][%cal Oe6d7] [#] Black must now prevent Qxd7!} Kh6 42. Ne7 {[%emt 0:02:55] Threatening mate with Nxf5+.} Nf6 $1 43. Qxf6 {[%emt 0:14:50] Weighted Error Value: White=0.07 (flawless) /Black=0.04 (flawless)} 1/2-1/2